 Dungeon Crawl Stone Soup version 0.30-a0-715-gdb4ae3ece1 (webtiles) character file.

Game seed: 6417234737927091106

2360 Dirtsage the Changer (level 9, 0/60 (69) HPs)
             Began as an Octopode Transmuter on Jan 23, 2023.
             Was a Follower of the Shining One.
             Slain by an orc knight
             ... wielding a +0 halberd
              (7 damage)
             ... in a bailey.
             The game lasted 00:17:45 (6399 turns).

Dirtsage the Changer (Octopode Transmuter)          Turns: 6399, Time: 00:17:45

HP:   0/60 (69)     AC: 13    Str: 10    XL:     9   Next: 44%
MP:   4/12          EV: 10    Int: 25    God:    the Shining One [*.....]
Gold: 314           SH: 12    Dex: 12    Spells: 5/12 levels left

rFire   . . .      SeeInvis .      - Unarmed
rCold   + + +      Faith    .    (shield currently unavailable)
rNeg    . . .      Spirit   .    (helmet currently unavailable)
rPois   +          Reflect  +    i - amulet of reflection
rElec   .          Harm     .    j - +6 ring of intelligence
rCorr   .          Rampage  .    p - +4 ring of protection
Will    .....                    u - ring of flight
Stlth   +                        F - ring of protection from fire
HPRegen 0.30/turn                W - ring of wizardry
MPRegen 0.13/turn                (no ring)
                                 (no ring)
                                 (no ring)

@: mighty, divinely shielded, ice-form, flying, glowing, heavily drained
A: freezing attack, boosted hp, almost no armour, amphibious, 8 rings, large,
(camouflage 1), (gelatinous body 1), (nimble swimmer 1), (tentacles)
a: End Transformation, Renounce Religion, Divine Shield


You were in a bailey.
You worshipped the Shining One.
The Shining One was aware of your devotion.
You were a creature of crystalline ice.
You visited 2 branches of the dungeon, and saw 8 of its levels.
You also visited: Bailey.

You collected 1686 gold pieces.
You spent 1372 gold pieces at shops.

Inventory:

Magical Staves
 m - a staff of poison
Jewellery
 i - an amulet of reflection (around neck)
 j - a +6 ring of intelligence (left front paw)
 p - a +4 ring of protection (right front paw)
 u - a ring of flight (on tentacle)
 v - an amulet of magic regeneration
 y - an amulet of the acrobat
 A - the ring "Bidd" {rElec Will+ Str+6 Slay-3}
   (You bought it in a shop on level 6 of the Dungeon)

   [ring of strength]

   Str:       It affects your strength (+6).
   Slay:      It affects your accuracy & damage with ranged weapons and melee
   (-3).
   rElec:     It insulates you from electricity.
   Will:      It increases your willpower.
 F - a ring of protection from fire (on tentacle)
 W - a ring of wizardry (on tentacle)
Wands
 c - a wand of polymorph (12)
 k - a wand of flame (29)
 z - a wand of roots (12)
 B - a wand of paralysis (4)
 D - a wand of digging (4)
Scrolls
 g - a scroll of fear
 o - 2 scrolls of immolation
 s - a scroll of poison
 t - 8 scrolls of teleportation
 w - a scroll of amnesia
Potions
 a - 3 potions of lignification
 b - 2 potions of mutation {unknown}
 d - 2 potions of might
 e - a potion of brilliance
 f - 2 potions of resistance {unknown}
 h - 2 potions of haste
 l - 2 potions of heal wounds
 n - 2 potions of magic {unknown}
 q - a potion of curing
 r - 4 potions of ambrosia
 x - a potion of flight


   Skills:
 + Level 4.0 Fighting
 - Level 2.0 Dodging
 * Level 6.5 Unarmed Combat
 - Level 2.0 Spellcasting
 - Level 7.0 Transmutations
 - Level 7.0 Ice Magic
 + Level 2.8 Invocations


You had 5 spell levels left.
You knew the following spells:

 Your Spells              Type           Power      Damage    Failure   Level
a - Ice Form              Ice/Tmut       37%        N/A       2%          4
b - Wereblood             Tmut           37%        N/A       1%          2
c - Beastly Appendage     Tmut           74%        N/A       1%          1

Your spell library contained the following spells:

 Spells                   Type           Power      Damage    Failure   Level
 Ensorcelled Hibernation  Hex/Ice        40%        N/A       1%          2
 Hailstorm                Conj/Ice       20%        3d6       3%          3
 Spider Form              Tmut/Pois      20%        N/A       3%          3
 Stone Arrow              Conj/Erth      4%         3d7       13%         3
 Anguish                  Hex/Necr       1%         N/A       38%         4
 Simulacrum               Ice/Necr       10%        N/A       82%         6
 Lehudib's Crystal Spear  Conj/Erth      1%         10d2      100%        8
 Animate Armour           Summ/Erth      Unusable   N/A       N/A         4

Dungeon Overview and Level Annotations

Branches:
Dungeon (7/15)             Temple (1/1) D:4          Bailey (1/1)

Altars:
Ashenzari
Cheibriados
Dithmenos
Elyvilon
Fedhas
Gozag
Hepliaklqana
Kikubaaqudgha
Makhleb
Nemelex Xobeh
Okawaru
Qazlal
Ru
Sif Muna
Trog
Uskayaw
Vehumet
Wu Jian
Xom
Yredelemnul
Zin
The Shining One

Shops:
D:6 =

Annotations:
Temple 2 transporters


Innate Abilities, Weirdness & Mutations

You are a creature of crystalline ice.
You have a powerful freezing melee attack.
Your maximum health is increased.
Your armour is entirely melded.
You are incapable of wielding weapons or throwing items.
You cannot wear most types of armour.
You are amphibious.
You can wear up to eight rings at the same time.
((Your skin changes colour to match your surroundings (Stealth+).))
((Your rubbery body absorbs attacks. (AC +1, EV +1)))
((You are camouflaged when in or above water. (Stealth+)))
((You have tentacles for arms and can constrict up to eight enemies at once.))


Message History

A divine shield forms around you!
The gnoll hits you from afar with a +2 halberd of draining.
You feel drained.
You take 4 damage, and have 57/60 hp.
You now have 3/12 mp.
You block the gnoll's attack.
The orc knight hits you from afar with a +0 halberd!
There is an open door here.
You take 7 damage, and have 50/60 hp.
You completely miss the gnoll.
The gnoll hits you with a +2 halberd of draining.
You feel drained.
The orc knight hits you from afar with a +0 halberd!
You take 12 damage, and have 38/58 hp.
MASSIVE DAMAGE!!
You punch the gnoll! You freeze the gnoll.
You kill the gnoll!
The orc knight barely misses you.
Your Fighting skill increases to level 4!
The gnoll completely misses you. You block the orc knight's attack.
Your magical contamination has completely faded away.
Things that are here:
a +2 halberd of draining; a potion of might You barely miss the orc knight.
The gnoll hits you from afar with a +2 halberd of electrocution!
The orc knight barely misses you.
You take 8 damage, and have 31/60 hp.
You barely miss the orc knight.
The gnoll hits you from afar with a +2 halberd of electrocution!
The orc knight hits you with a +0 halberd!!
* * * LOW HITPOINT WARNING * * *
You take 25 damage, and have 6/60 hp.
MASSIVE DAMAGE!!
You punch the orc knight! You freeze the orc knight.
The orc knight is lightly wounded.
You punch the orc knight! You freeze the orc knight.
The orc knight is moderately wounded.
You block the gnoll's attack. The orc knight barely misses you.
You punch the orc knight! You freeze the orc knight.
The orc knight is severely wounded.
The gnoll hits you but does no damage.
The orc knight hits you with a +0 halberd!
You die... ### ##### #.###Yog# +##'##'###g# #.....## !g #.....### og!

+..⌠..'.# g.!
#.....### !.
##.....## !
##)##'##'###+
#)###.###.#g#


You could see an orc knight and 2 gnolls.

Vanquished Creatures
  An acid dragon (D:6)
  2 water moccasins
  2 sky beasts
  A black bear (D:5)
  2 ice beasts (D:6)
  An ogre (D:3)
  2 centaurs
  2 phantoms
  A scorpion (D:6)
  A gnoll sergeant (D:6)
  2 howler monkeys (D:3)
  2 orc priests (D:4)
  Crazy Yiuf (D:2)
  8 hounds
  A gnoll bouda (D:3)
  5 jellies
  2 iguanas
  24 gnolls
  4 adders
  A shadow imp (D:7)
  2 white imps (D:7)
  An ufetubus (D:6)
  3 worms
  3 dart slugs
  38 orcs
  6 endoplasms
  3 giant cockroaches (D:1)
  9 goblins
  3 hobgoblins
  16 jackals (D:3)
  4 quokkas
  3 ball pythons
  4 bats
  2 frilled lizards (D:1)
  4 kobolds
  3 rats
169 creatures vanquished.

Notes
Turn   | Place    | Note
-------+----------+-------------------------------------------
     0 | D:1      | Dirtsage the Octopode Transmuter began the quest for the
                  | Orb.
     0 | D:1      | Reached XP level 1. HP: 13/13 MP: 3/3
   312 | D:1      | Reached skill level 1 in Ice Magic
   312 | D:1      | Reached XP level 2. HP: 18/18 MP: 5/5
  1017 | D:2      | Found an ancient bone altar of Kikubaaqudgha.
  1061 | D:2      | Reached XP level 3. HP: 22/23 MP: 4/6
  1161 | D:2      | Found a runed translucent door.
  1162 | D:2      | Noticed Crazy Yiuf
  1196 | D:2      | You fall into a shaft and drop 2 floors!
  1225 | D:4      | Reached XP level 4. HP: 25/28 MP: 7/7
  1232 | D:4      | Learned a level 4 spell: Ice Form
  1296 | D:3      | Learned a level 2 spell: Wereblood
  1807 | D:2      | Saving game... please wait.
  1865 | D:2      | Killed Crazy Yiuf
  1866 | D:2      | Reached XP level 5. HP: 33/33 MP: 3/8
  1941 | D:2      | Identified a scroll of acquirement
  1941 | D:2      | Acquired an amulet of reflection
  1988 | D:3      | Noticed an ogre
  2009 | D:3      | Killed an ogre
  2010 | D:3      | Reached XP level 6. HP: 36/38 MP: 3/9
  2285 | D:3      | Reached skill level 5 in Transmutations
  2462 | D:3      | Reached XP level 7. HP: 43/43 MP: 7/10
  2552 | D:3      | Reached skill level 5 in Ice Magic
  3410 | D:4      | Found a staircase to the Ecumenical Temple.
  3416 | Temple   | Entered the Ecumenical Temple
  3416 | Temple   | Found a transporter.
  3416 | Temple   | Found a transporter.
  3418 | Temple   | Found a transporter.
  3418 | Temple   | Found a transporter.
  3440 | Temple   | Became a worshipper of Elyvilon the Healer
  3727 | D:4      | Acquired 1233 gold pieces
  3793 | D:5      | Entered Level 5 of the Dungeon
  3931 | D:5      | Reached XP level 8. HP: 48/48 MP: 11/11
  3945 | D:5      | Reached * piety under Elyvilon
  4068 | D:5      | Found a snail-covered altar of Cheibriados.
  4089 | D:5      | Found a hazy altar of Hepliaklqana.
  4662 | D:6      | Reached ** piety under Elyvilon
  4724 | D:6      | Found Wummel's Jewellery Boutique.
  4933 | D:6      | Bought the ring "Bidd" {rElec Will+ Str+6 Slay-3} for 602
                  | gold pieces
  4933 | D:6      | Bought a ring of protection from fire for 350 gold pieces
  4933 | D:6      | Bought a ring of wizardry for 420 gold pieces
  5130 | D:6      | Reached skill level 5 in Unarmed Combat
  5387 | D:6      | Reached skill level 1 in Invocations
  5387 | D:6      | Reached XP level 9. HP: 56/56 MP: 6/12
  5451 | D:6      | Found a glowing golden altar of the Shining One.
  5452 | D:6      | Found a shadowy altar of Dithmenos.
  5452 | D:6      | Found a stormy altar of Qazlal.
  5454 | D:6      | Fell from the grace of Elyvilon
  5454 | D:6      | Became a worshipper of the Shining One
  5454 | D:6      | Reached * piety under the Shining One
  5459 | D:6      | Found a glowing silver altar of Zin.
  5460 | D:6      | Found a sparkling altar of Nemelex Xobeh.
  5586 | D:6      | The Shining One protects you from harm!
  5587 | D:6      | HP: 3/68 [acid dragon (3)]
  6033 | D:7      | Found a flagged portal.
  6053 | Bailey   | Entered a bailey
  6383 | Bailey   | Noticed an orc knight
  6399 | Bailey   | Slain by an orc knight

Illustrated notes

Levels and vault maps discovered:
D:1:      lightli_arrival_quake, layout_basic, minmay_misc_feat_tiny,
          nicolae_eternal_life
D:2:      layout_basic, basic_altar, serial_glass, glass_columns_a,
          glass_columns_a, glass_columns_c, glass_columns_c, glass_columns_c,
          uniq_crazy_yiuf_cottage
D:3:      lemuel_castle_with_subvaults [lemuel_castle_interior_carwin_2],
          layout_basic, grunt_ministairs_10
D:4:      layout_basic, minmay_temple_entry_enclosed_plants, bh_walls_and_bars
D:5:      layout_basic, mainiacjoe_overflow_large_starburst
D:6:      layout_gridville, minitemple, serial_shops, shop_fountains,
          kennysheep_cross_room
D:7:      layout_basic, enter_bailey_5, minmay_holes, uniq_maggie,
          uniq_menkaure, uniq_joseph
Temple:   hellmonk_temple_divided_pantheon
Bailey:   bailey_polearm_nasty_gnolls, bailey

Skill      XL: |  1  2  3  4  5  6  7  8  9 |
---------------+----------------------------+-----
Ice Magic      | 1 2 3 4 5 7 |  7.0
Transmutations | 3 4 5 6 7 |  7.0
Fighting       | 3 4 |  4.0
Unarmed Combat | 5 6 |  6.5
Invocations    | 1 2 |  2.8
Dodging        | |  2.0
Spellcasting   | |  2.0

Action                     |  1- 3 |  4- 6 |  7- 9 || total
---------------------------+-------+-------+-------++-------
  Melee: Unarmed           |    50 |   126 |   243 ||   419
         Constrict         |    12 |    20 |     9 ||    41
         Kick              |    11 |    18 |       ||    29
         Tentacles         |     6 |     7 |     9 ||    22
         Punch             |     1 |       |     2 ||     3
   Cast: Beastly Appendage |     9 |     6 |     1 ||    16
         Wereblood         |       |     6 |    10 ||    16
         Ice Form          |       |     6 |    26 ||    32
 Invoke: Divine Shield     |       |       |     1 ||     1
    Use: Scroll            |       |     7 |     9 ||    16
         Potion            |       |       |     1 ||     1
   Stab: Sleeping          |     3 |     2 |       ||     5
 Armour: Skin              |     5 |    31 |    90 ||   126
  Dodge: Dodged            |    27 |    59 |   120 ||   206
  Block: Other             |       |    14 |    60 ||    74
         Reflection        |       |       |     1 ||     1

Table legend: (Time is in decaauts)
 A = Elapsed time spent in this place.
 B = Non-inter-level travel time spent in this place.
 C = Inter-level travel time spent in this place.
 D = Time resting spent in this place.
 E = Time spent auto-exploring this place.
 F = Levels seen in this place.
 G = Mean time per level.
                   A        B        C        D        E       F      G
               +--------+--------+--------+--------+--------+-----+--------+
         Total |   6366 |   6218 |    148 |      0 |   5022 |   9 |  707.3 |
       Dungeon |   5982 |   5849 |    133 |      0 |   4737 |   7 |  854.6 |
        Temple |     41 |     26 |     15 |      0 |      7 |   1 |   41.0 |
        Bailey |    342 |    342 |      0 |      0 |    278 |   1 |  342.0 |
               +--------+--------+--------+--------+--------+-----+--------+

Top non-repeatable levels by time:
     D:3: 1494 daAuts
     D:6: 1329 daAuts
     D:2: 789 daAuts
     D:4: 736 daAuts
     D:5: 730 daAuts
     D:1: 714 daAuts
  Bailey: 342 daAuts
     D:7: 187 daAuts
  Temple: 41 daAuts
